 Dungeon Crawl Stone Soup version 0.18.1-50-g88ac8fd (webtiles) character file.

496 ololoev the Chopper (level 6, -4/50 HPs)
             Began as a Demonspawn Berserker on Oct 28, 2016.
             Was a Priest of Trog.
             Slain by a killer bee (7 damage)
             ... on level 5 of the Dungeon.
             The game lasted 00:05:32 (1576 turns).

ololoev the Chopper (Demonspawn Berserker)          Turns: 1576, Time: 00:05:32

Health: -4/50      AC:  9    Str: 19    XL:     6   Next: 93%
Magic:  6/6        EV: 16    Int:  9    God:    Trog [***...]
Gold:   121        SH:  0    Dex: 17    Spells: 0 memorised, 5 levels left

rFire  . . .     SeeInvis .     a - +0 hand axe
rCold  . . .     Gourm    .     d - +0 ring mail
rNeg   . . .     Faith    .     (no shield)
rPois  .         Spirit   .     (helmet restricted)
rElec  .         Dismiss  .     i - +0 cloak
rCorr  .         Reflect  .     (no gloves)
SustAt .         Harm     .     (no boots)
MR     ++...                    (no amulet)
Stlth  ++........               (no ring)
                                (no ring)

@: agile, lethally poisoned (-4 -> -5), exhausted, regenerating, slowed, very
slow, very resistant to hostile enchantments, unstealthy
A: horns 1, thin metallic scales 2, mutation resistance 1
a: Berserk, Trog's Hand, Burn Spellbooks, Renounce Religion


Innate Abilities, Weirdness & Mutations

You have a pair of small horns on your head.
You are mostly covered in thin metallic scales (AC +3).
You are somewhat resistant to further mutation.

Inventory:

Hand Weapons
 a - a +0 hand axe (weapon)
Armour
 d - a +0 ring mail (worn)
 i - a +0 cloak (worn)
Wands
 h - a wand of random effects (18/48)
Scrolls
 e - 4 scrolls of identify {unknown}
 f - a scroll of fear {unknown}
 m - a scroll of fog {unknown}
 n - 2 scrolls of teleportation {unknown}
 o - a scroll of blinking {unknown}
 p - a scroll of random uselessness {unknown}
Potions
 b - 3 potions of curing {unknown}
 g - 3 potions of flight
 j - 2 potions of degeneration {unknown}
 k - 2 potions of agility
 l - 2 potions of might {unknown}
Comestibles
 c - 2 bread rations
 q - 2 meat rations
 r - a chunk of flesh


   Skills:
 + Level 4.9 Fighting
 * Level 5.3 Axes
 + Level 3.5 Armour
 - Level 1.7 Dodging


You had 5 spell levels left.
You didn't know any spells.


You were on level 5 of the Dungeon.
You worshipped Trog.
Trog was most pleased with you.
You were near starving.

You visited 1 branch of the dungeon, and saw 5 of its levels.
You also visited: Sewer.

You collected 121 gold pieces.

#.....###'#+###.#
#...###.#......
#.........###.# #
#.........# #.# ..
#...<.....# #.# ...#
#.......#.###.# .....
#....##.#......
..?...####...†########.#
.S....y@...............#
......####....####......
#.### #....# #......
###### #...... #......
####### #... ####

Notes
Turn   | Place    | Note
--------------------------------------------------------------
     0 | D:1      | ololoev the Demonspawn Berserker began the quest for the Orb.
     0 | D:1      | Reached XP level 1. HP: 18/18 MP: 1/1
   105 | D:2      | Reached skill level 3 in Axes
   149 | D:2      | Gained mutation: You have a pair of small horns on your head. [demonic ancestry]
   149 | D:2      | Reached XP level 2. HP: 24/24 MP: 2/2
   353 | D:3      | Gained mutation: You are partially covered in thin metallic scales (AC +2). [demonic ancestry]
   353 | D:3      | Reached XP level 3. HP: 30/30 MP: 3/3
   394 | D:3      | Reached ** piety under Trog
   492 | D:3      | Reached XP level 4. HP: 22/37 MP: 4/4
   509 | D:3      | Found a sacrificial altar of Ru.
   593 | D:3      | Noticed Ijyb
   602 | D:3      | Killed Ijyb
   658 | D:5      | Entered Level 5 of the Dungeon
   658 | D:5      | Noticed ololoev's ghost (weakling DsBe)
   666 | D:5      | Killed ololoev's ghost
   666 | D:5      | Reached skill level 4 in Axes
   669 | D:5      | Reached XP level 5. HP: 42/42 MP: 5/5
   772 | D:5      | Found a glowing drain.
   784 | Sewer    | Entered a sewer
  1144 | Sewer    | Reached *** piety under Trog
  1398 | D:5      | Noticed a sky beast
  1407 | D:5      | Killed a sky beast
  1407 | D:5      | Gained mutation: You are mostly covered in thin metallic scales (AC +3). [demonic ancestry]
  1407 | D:5      | Reached XP level 6. HP: 49/49 MP: 6/6
  1411 | D:5      | Gained mutation: You are somewhat resistant to further mutation. [mutagenic meat]
  1558 | D:5      | Reached skill level 5 in Axes
  1576 | D:5      | Slain by a killer bee

Dungeon Overview and Level Annotations

Branches:
Dungeon (5/15)
 Temple: D:4-7

Altars:
Ru


Message History

You are more poisoned.
The killer bee poisons you!
You are too injured to fight recklessly!
You are too injured to fight recklessly!
You are too injured to fight recklessly!
You are too injured to fight recklessly!
You are too injured to fight recklessly!
You are too injured to fight recklessly!
You are too injured to fight recklessly!
You are too injured to fight recklessly!
You are too injured to fight recklessly!
You slash the killer bee!
The killer bee is severely wounded.
You feel sick.
The killer bee stings you but does no damage.
You hit the killer bee.
The killer bee is almost dead.
The killer bee completely misses you.
You slash the killer bee!
You kill the killer bee!
Trog accepts your kill.
You feel sick.
You closely miss the killer bee.
You feel sick. The killer bee stings you. The killer bee misses you.
You miss the killer bee. Your headbutt misses the killer bee.
The killer bee stings you but does no damage.
You barely miss the killer bee. You headbutt the killer bee!
The killer bee is severely wounded.
You feel sick. The killer bee closely misses you.
You closely miss the killer bee.
The killer bee is severely wounded.
The killer bee closely misses you.
The killer bee stings you but does no damage.
You slash the killer bee!
You kill the killer bee!
Trog accepts your kill.
You are no longer berserk.
You are exhausted.
You feel yourself slow down.
You are feeling very hungry.
You feel sick.
Use which ability? (? or * to list)
Your skin crawls.
You feel resistant to hostile enchantments.
You are near starving!
You feel sick.
The killer bee stings you but does no damage.
The killer bee stings you. x2
You are more poisoned.
The killer bee poisons you!
Drink which item? (? for menu, Esc to quit)
Okay, then.
Evoke which item? (* to show all) (? for menu, Esc to quit)
Zapping:
h - a wand of random effects (will waste charges)
Press: ? - help, Shift-Dir - straight line, f - killer bee
Aim: a killer bee The killer bee is blasted.
Evoking this partially-identified wand wasted a few charges.
You feel sick. The killer bee stings you.
You are more poisoned.
The killer bee poisons you! The killer bee stings you.
The killer bee misses you.
Evoke which item? (* to show all) (? for menu, Esc to quit)
Zapping:
h - a wand of random effects {zapped: 2} (will waste charges)
Press: ? - help, Shift-Dir - straight line, f/p - killer bee
Aim: a killer bee (severely wounded)
You hear a mighty clap of thunder!
The bolt of lightning misses the killer bee.
Evoking this partially-identified wand wasted a few charges.
You feel very sick. The killer bee closely misses you.
The killer bee stings you. The killer bee closely misses you.
An adder comes into view.
Drink which item? (? for menu, Esc to quit)
It was a potion of agility.
You feel agile all of a sudden.
You feel sick. The killer bee barely misses you.
The killer bee stings you but does no damage.
The killer bee stings you!
You die...

You could see a killer bee and an adder.

Vanquished Creatures
  A sky beast (D:5)
  3 killer bees (D:5)
  A howler monkey (D:5)
  A crimson imp (D:5)
  A hound (D:3)
  Ijyb (D:3)
  A worker ant (D:5)
  The ghost of ololoev the Skirmisher, a weakling DsBe of Trog (D:5)
  3 adders
  4 oozes (Sewer)
  3 worms (Sewer)
  A giant gecko (D:3)
  4 orcs (D:3)
  7 giant cockroaches
  5 goblins
  2 hobgoblins
  7 jackals
  A quokka (D:3)
  A ball python (Sewer)
  10 bats
  4 giant newts
  A kobold (D:3)
  A rat (D:3)
64 creatures vanquished.

Action                   |  1- 3 |  4- 6 || total
-------------------------+-------+-------++-------
Melee: Hand axe          |    62 |   135 ||   197
       Headbutt          |     5 |    19 ||    24
Invok: Berserk           |     3 |     6 ||     9
       Trog's Hand       |       |     2 ||     2
Evoke: Wand              |       |     2 ||     2
  Use: Potion            |       |     2 ||     2
 Stab: Invisible         |       |     2 ||     2
       Paralysed         |       |     1 ||     1
  Eat: Chunk             |     2 |    10 ||    12
       Pizza             |       |     1 ||     1
Armor: Ring mail         |    24 |    78 ||   102
       Animal skin       |     1 |       ||     1
Dodge: Dodged            |    48 |   107 ||   155

Vault maps used:
D:1:      dpeg_arrival_connections, minmay_fountain_box
D:2:      okawaru_altar_gauntlet_db, first_bread
D:3:      lemuel_coloured_pillars_altar, nicolae_ru_great_annihilating_truth,
          uniq_iyjb
D:4:      lemuel_doored_altar, fedhas_altar_3, old_standard_altar, fountainhead,
          uniq_blork_the_orc
D:5:      minmay_temple_entry_nine_rooms, portal_sewer_entry_d,
          lemuel_statue_altar
Sewer:    sewer_fruit_machine
